 Dungeon Crawl Stone Soup version 0.23.2-33-g5129a83184 (webtiles) character file.

Game seed: 17765152506375395847

98 H0rd4k the Magician (level 4, -5/24 HPs)
             Began as a Deep Elf Wizard on July 9, 2019.
             Killed from afar by an orc wizard (9 damage)
             ... with a puff of flame
             ... on level 4 of the Dungeon.
             The game lasted 00:04:47 (2778 turns).

H0rd4k the Magician (Deep Elf Wizard)               Turns: 2778, Time: 00:04:48

Health: -5/24      AC:  2    Str:  4    XL:     4   Next: 44%
Magic:  2/14       EV: 13    Int: 24    God:
Gold:   62         SH:  0    Dex: 13    Spells: 9/15 levels left

rFire    . . .     SeeInvis .   (no weapon)
rCold    . . .     Gourm    .   (no shield)
rNeg     . . .     Faith    .   a - +0 robe
rPois    .         Spirit   .   b - +0 hat
rElec    .         Reflect  .   (no cloak)
rCorr    .         Harm     .   (no gloves)
MR       .....                  (no boots)
Stlth    ++........             (no amulet)
HPRegen  0.08/turn              (no ring)
MPRegen  0.14/turn              (no ring)

@: no status effects
A: no striking features
a: no special abilities


You were on level 4 of the Dungeon.
You were not hungry.

You visited 1 branch of the dungeon, and saw 4 of its levels.

You collected 62 gold pieces.

Inventory:

Hand Weapons
 r - a +0 blowgun
Missiles
 s - 15 poisoned needles
Armour
 a - a +0 robe (worn)
 b - a +0 hat (worn)
Wands
 k - a wand of acid (8)
 l - a wand of clouds (6)
Scrolls
 h - a scroll of enchant weapon {unknown}
 i - 7 scrolls of teleportation {unknown}
 j - 4 scrolls of immolation {unknown}
 o - a scroll of random uselessness {unknown}
 p - a scroll of identify {unknown}
 q - a scroll of fear {unknown}
 u - a scroll of remove curse {unknown}
Potions
 c - 2 potions of mutation {unknown}
 e - 3 potions of lignification {unknown}
 f - a potion of heal wounds {unknown}
 g - a potion of degeneration {unknown}
 m - a potion of curing {unknown}
 n - 2 potions of haste {unknown}
 t - a potion of brilliance {unknown}
 v - a potion of cancellation {unknown}
Comestibles
 d - 4 rations


   Skills:
 + Level 2.9 Dodging
 + Level 3.1 Stealth
 + Level 6.0 Spellcasting
 + Level 2.1 Conjurations
   Level 1.1 Summonings
 + Level 1.1 Translocations
 + Level 1.1 Fire Magic


You had 9 spell levels left.
You knew the following spells:

 Your Spells              Type           Power        Failure   Level  Hunger
a - Magic Dart            Conj           ###.         3%          1    None
b - Blink                 Tloc           N/A          8%          2    None
c - Conjure Flame         Conj/Fire      ###.....     12%         3    #......

Your spell library contained the following spells:

 Spells                   Type           Power        Failure   Level  Hunger
 Call Imp                 Summ           ##......     8%          2    None
 Slow                     Hex            #.......     12%         2    None
 Mephitic Cloud           Conj/Pois/Air  ##......     19%         3    #......


Dungeon Overview and Level Annotations

Branches:
Dungeon (4/15)
 Temple: D:4-7

Altars:
Nemelex Xobeh
The Shining One

Annotations:
D:1 exclusion: downstairs
D:2 exclusion: ogre


Message History

Casting: Magic Dart (safe; 3% risk of failure)
Confirm with . or Enter, or press ? or * to list all spells.
Aiming: Magic Dart (safe; 3% risk of failure)
Press: ? - help, Shift-Dir - straight line, f/p - orc wizard
Aim: an orc wizard, wielding a +0 dagger and wearing a +0 robe (severely wounded)
The magic dart hits the orc wizard but does no damage.
The orc wizard is severely wounded.
The orc wizard points at you and mumbles some strange words.
The magic dart hits you.
* * * LOW HITPOINT WARNING * * *
Casting: Magic Dart (safe; 3% risk of failure)
Confirm with . or Enter, or press ? or * to list all spells.
Aiming: Magic Dart (safe; 3% risk of failure)
Press: ? - help, Shift-Dir - straight line, f/p - orc wizard
Aim: an orc wizard, wielding a +0 dagger and wearing a +0 robe (severely wounded)
The magic dart hits the orc wizard.
The orc wizard is almost dead.
The orc wizard points at you and mumbles some strange words.
The puff of flame hits you!
You die...

##.#.# ######.#
##.#..##### .........
##.###....... ######.#.
#.## ##...... #...
##.###.########.#####.#
##.#.................#
##.#.########.####<.)
#.#.# #..# #.#@# #..#
#.#o# #..# #^#.# ...#
#.#.# #..# ....# #..#
##)## #..# . #.


You could see an orc wizard.

Vanquished Creatures
  A hound skeleton (D:4)
  3 adders
  3 worms
  A dart slug (D:1)
  2 orcs
  2 ball pythons (D:3)
  5 bats
  3 giant cockroaches
  9 goblins
  3 hobgoblins
  5 kobolds
  A quokka (D:3)
  5 frilled lizards
  4 rats
47 creatures vanquished.

Notes
Turn   | Place    | Note
-------+----------+-------------------------------------------
     0 | D:1      | H0rd4k the Deep Elf Wizard began the quest for the Orb.
     0 | D:1      | Reached XP level 1. HP: 10/10 MP: 7/7
   618 | D:1      | Reached XP level 2. HP: 15/15 MP: 7/9
   654 | D:1      | Reached skill level 5 in Spellcasting
  1064 | D:2      | Noticed an ogre
  1142 | D:1      | Learned a level 2 spell: Blink
  1176 | D:2      | Found a sparkling altar of Nemelex Xobeh.
  1288 | D:2      | Reached XP level 3. HP: 19/19 MP: 4/11
  1293 | D:2      | Learned a level 3 spell: Conjure Flame
  1974 | D:3      | Found a glowing golden altar of the Shining One.
  2295 | D:3      | Reached skill level 1 in Fire Magic
  2318 | D:3      | Reached XP level 4. HP: 24/24 MP: 6/13
  2716 | D:4      | Reached skill level 6 in Spellcasting
  2778 | D:4      | Killed from afar by an orc wizard

Skill      XL: |  1  2  3  4 |
---------------+-------------+-----
Spellcasting   | 5 6 |  6.0
Stealth        | 3 |  3.1
Fire Magic     | 1 |  1.1
Conjurations   | 2 |  2.1
Dodging        | |  2.9
Summonings     | |  1.1
Translocations | |  1.1

Action                   |  1- 3 |  4- 6 || total
-------------------------+-------+-------++-------
 Cast: Magic Dart        |   109 |    35 ||   144
  Eat: Chunk             |     4 |     1 ||     5
Armor: Robe              |     4 |       ||     4
Dodge: Dodged            |    18 |     7 ||    25
